 Dungeon Crawl Stone Soup version 0.21.1-1-g345015f (webtiles) character file.

226 sking99 the Ruffian (level 5, 0/41 HPs)
             Began as a Draconian Transmuter on June 23, 2018.
             Was an Initiate of Fedhas.
             Succumbed to a worker ant's poison
             ... on level 4 of the Dungeon.
             The game lasted 00:11:43 (4564 turns).

sking99 the Ruffian (Draconian Transmuter)          Turns: 4564, Time: 00:11:44

Health: 0/41       AC:  5    Str: 12    XL:     5   Next: 69%
Magic:  4/9        EV: 12    Int: 15    God:    Fedhas [......]
Gold:   224        SH:  0    Dex: 11    Spells: 6/9 levels left

rFire    . . .     SeeInvis .     - Unarmed
rCold    . . .     Gourm    .   (no shield)
rNeg     . . .     Faith    .   (armour unavailable)
rPois    .         Spirit   .   (helmet restricted)
rElec    .         Reflect  .   (no cloak)
rCorr    .         Harm     .   (no gloves)
MR       .....                  (no boots)
Stlth    +.........             (no amulet)
HPRegen  0.13/turn              (no ring)
MPRegen  0.11/turn              (no ring)

@: lethally poisoned (0 -> -9), very slightly contaminated
A: unfitting armour, cold-blooded, AC +5
a: Fungal Bloom, Renounce Religion


You were on level 4 of the Dungeon.
You worshipped Fedhas.
Fedhas was noncommittal.
You were hungry.

You visited 1 branch of the dungeon, and saw 4 of its levels.

You collected 224 gold pieces.

Inventory:

Missiles
 a - 24 arrows (quivered)
Armour
 j - a +0 buckler
Scrolls
 e - a scroll of noise {unknown}
 f - a scroll of teleportation {unknown}
 h - a scroll of enchant armour {unknown}
 n - a scroll of amnesia {unknown}
Potions
 d - a potion of heal wounds {unknown}
 g - 3 potions of brilliance {unknown}
 i - 2 potions of lignification {unknown}
 k - 2 potions of curing {unknown}
 l - a potion of ambrosia {unknown}
 m - a potion of degeneration {unknown}
 o - a potion of magic {unknown}
Books
 b - a book of Changes

   Spells                             Type                      Level
   a - Beastly Appendage              Transmutation                1
   b - Sticks to Snakes               Transmutation                2
   c - Spider Form                    Transmutation/Poison         3
   d - Ice Form                       Ice/Transmutation            4
   e - Blade Hands                    Transmutation                5
Comestibles
 c - 2 rations


   Skills:
 - Level 1.6 Fighting
 - Level 2.1 Dodging
 + Level 1.6 Shields
 - Level 5.0 Unarmed Combat
 + Level 2.7 Spellcasting
 + Level 2.9 Transmutations


You had 6 spell levels left.
You knew the following spells:

 Your Spells              Type           Power        Failure   Level  Hunger
a - Beastly Appendage     Tmut           ##....       6%          1    #......
b - Sticks to Snakes      Tmut           ##......     9%          2    ##.....


Dungeon Overview and Level Annotations

Branches:
Dungeon (4/15)
 Temple: D:4-7

Altars:
Cheibriados
Fedhas
Gozag
Makhleb
Yredelemnul
Zin
The Shining One


Innate Abilities, Weirdness & Mutations

Your plain brown scales are hard. (AC +5)
You cannot fit into any form of body armour.
You are cold-blooded and may be slowed by cold attacks.


Message History

You barely miss the hound. The worker ant barely misses you.
The phantom blinks!
The hound closely misses you.
You punch the hound!
The hound is heavily wounded.
The worker ant bites you!
* * * LOW HITPOINT WARNING * * *
Your adder barely misses the worker ant.
The hound misses you. The phantom misses you.
You hit the hound.
The hound is severely wounded.
The worker ant closely misses you. The hound closely misses you.
Your adder barely misses the worker ant.
The phantom blinks!
The worker ant bites you.
* * * LOW HITPOINT WARNING * * *
You are lethally poisoned!
The worker ant poisons you!
You hit the hound.
You kill the hound!
You die...
Fedhas appreciates your contribution to the ecosystem.

#..........#....#
#>..............###+
#..........#........
#......###.#.....###
.......###..........
...........#'#######
..............#
#.........§a..#
#...##.....@S.# #..
#.....†o.#
#......W.#
...........#
....#......§.
...............
................
#..............


You could see a phantom, a worker ant, an orc and a friendly adder.

Vanquished Creatures
  A hound (D:4)
  An orc priest (D:3)
  An orc wizard (D:3)
  A gnoll (D:1)
  3 adders
  A shadow imp (D:2)
  An ooze (D:3)
  A worm (D:2)
  4 dart slugs
  A leopard gecko (D:3)
  4 orcs
  4 giant cockroaches (D:1)
  10 goblins
  13 hobgoblins
  2 jackals (D:1)
  A ball python (D:4)
  8 bats
  4 frilled lizards
  4 kobolds
  6 rats
71 creatures vanquished.

Vanquished Creatures (collateral kills)
  2 adders (D:2)
  A goblin (D:2)
3 creatures vanquished.

Vanquished Creatures (others)
  3 toadstools (D:2)
3 creatures vanquished.

Grand Total: 77 creatures vanquished

Notes
Turn   | Place    | Note
-------+----------+-------------------------------------------
     0 | D:1      | sking99 the Draconian Transmuter began the quest for the Orb.
     0 | D:1      | Reached XP level 1. HP: 16/16 MP: 3/3
   143 | D:1      | Reached XP level 2. HP: 21/23 MP: 5/5
   310 | D:1      | Learned a level 2 spell: Sticks to Snakes
   398 | D:1      | Reached XP level 3. HP: 25/29 MP: 6/6
   511 | D:1      | Reached skill level 4 in Unarmed Combat
  1229 | D:2      | Reached XP level 4. HP: 16/36 MP: 7/7
  1401 | D:2      | Found an opulent altar of Gozag.
  1401 | D:2      | Found a glowing golden altar of the Shining One.
  1401 | D:2      | Found a blossoming altar of Fedhas.
  1401 | D:2      | Found a basalt altar of Yredelemnul.
  1410 | D:2      | Found a snail-covered altar of Cheibriados.
  1410 | D:2      | Found a burning altar of Makhleb.
  1426 | D:2      | Became a worshipper of Fedhas Madash
  2617 | D:3      | Reached skill level 1 in Shields
  2617 | D:3      | Reached XP level 5. HP: 12/41 MP: 3/8
  3101 | D:2      | Reached skill level 5 in Unarmed Combat
  3565 | D:3      | Found a glowing silver altar of Zin.
  3936 | D:4      | Noticed a phantom
  4207 | D:4      | Noticed an ogre
  4214 | D:4      | HP: 1/41 [ogre/giant club (24)]
  4220 | D:4      | HP: 1/41 [adder (1)]
  4563 | D:4      | HP: 1/41 [worker ant (4)]
  4564 | D:4      | Succumbed to a worker ant's poison

Skill      XL: |  1  2  3  4  5 |
---------------+----------------+-----
Dodging        | 2 |  2.1
Unarmed Combat | 4 5 |  5.0
Shields        | 1 |  1.6
Fighting       | |  1.6
Spellcasting   | |  2.7
Transmutations | |  2.9

Action                   |  1- 3 |  4- 6 || total
-------------------------+-------+-------++-------
Melee: Unarmed           |   164 |   175 ||   339
       Tailslap          |    18 |    18 ||    36
       Punch             |     1 |     3 ||     4
 Cast: Beastly Appendage |     3 |     1 ||     4
       Sticks to Snakes  |     2 |    10 ||    12
Invok: Fungal Bloom      |       |     1 ||     1
 Stab: Sleeping          |       |     2 ||     2
  Eat: Chunk             |       |     2 ||     2
       Ration            |       |     3 ||     3
Armor: Skin              |    31 |    55 ||    86
Dodge: Dodged            |   102 |   138 ||   240
